 Dungeon Crawl Stone Soup version 0.21.1-1-g345015fe64 (webtiles) character file.

45 Norrik the Slasher (level 3, -4/33 HPs)
             Began as a Minotaur Monk on Apr 25, 2018.
             Slain by a worker ant (7 damage)
             ... on level 2 of the Dungeon.
             The game lasted 00:03:06 (1577 turns).

Norrik the Slasher (Minotaur Monk)                  Turns: 1577, Time: 00:03:06

Health: -4/33      AC:  3    Str: 16    XL:     3   Next: 42%
Magic:  2/2        EV: 12    Int:  7    God:
Gold:   98         SH:  3    Dex: 12    Spells: 2/2 levels left

rFire    . . .     SeeInvis .   a - +0 falchion
rCold    . . .     Gourm    .   m - +0 buckler
rNeg     . . .     Faith    .   b - +0 robe
rPois    .         Spirit   .   (helmet restricted)
rElec    .         Reflect  .   s - +0 cloak
rCorr    .         Harm     .   (no gloves)
MR       .....                  (no boots)
Stlth    ++........             (no amulet)
HPRegen  0.11/turn              (no ring)
MPRegen  0.08/turn              (no ring)

@: lethally poisoned (-4 -> -6)
A: retaliatory headbutt, horns 2
a: no special abilities


You were on level 2 of the Dungeon.
You were very hungry.

You visited 1 branch of the dungeon, and saw 3 of its levels.

You collected 98 gold pieces.

Inventory:

Hand Weapons
 a - a +0 falchion (weapon)
Missiles
 i - 63 stones (quivered)
 k - 7 curare-tipped needles
Armour
 b - a +0 robe (worn)
 m - a +0 buckler (worn)
 s - a +0 cloak (worn)
Jewellery
 p - an uncursed amulet of harm {unknown}
 r - an uncursed ring of poison resistance {unknown}
Scrolls
 e - a scroll of fear {unknown}
 f - 3 scrolls of remove curse {unknown}
 g - a scroll of identify {unknown}
 h - 2 scrolls of teleportation {unknown}
 o - a scroll of immolation {unknown}
Potions
 d - a potion of lignification {unknown}
 j - a potion of agility {unknown}
 l - a potion of degeneration {unknown}
 n - a potion of heal wounds {unknown}
 q - a potion of cancellation {unknown}
Comestibles
 c - 6 rations


   Skills:
 + Level 4.1 Fighting
 * Level 4.6 Long Blades
 + Level 1.6 Armour
 - Level 3.2 Dodging
 - Level 1.5 Stealth


You had 2 spell levels left.
You didn't know any spells.

Dungeon Overview and Level Annotations

Branches:
Dungeon (3/15)

Altars:


Innate Abilities, Weirdness & Mutations

You reflexively headbutt those who attack you in melee.
You have a pair of horns on your head.


Message History

The leopard gecko bites you but does no damage.
The worker ant barely misses you.
You riposte.
You closely miss the worker ant.
The worker ant is almost dead.
The orc wizard hits you but does no damage.
The giant cockroach bites you but does no damage.
The leopard gecko closely misses you.
You riposte.
You hit the leopard gecko.
You kill the leopard gecko!
The worker ant bites you but does no damage.
You hit the worker ant.
The worker ant is almost dead.
You feel sick. You block the giant cockroach's attack.
The orc wizard hits you with a dagger.
* * * LOW HITPOINT WARNING * * *
The worker ant closely misses you.
You hit the worker ant but do no damage.
The worker ant is almost dead.
The giant cockroach closely misses you. The orc wizard hits you with a dagger.
* * * LOW HITPOINT WARNING * * *
The worker ant bites you!
You die...

#.....#.# #.#
##################.#.# #.#
.>...............#.#.# #.#
###..............#.#.# #.#
#.######.........#.# #.#
#.# #.####..###.# #.# #
#.# #.# #..# #.# #.#
###.## #.# #os# #.# #.#
.....# #.# ##.@###.# #.#
###.## #.###.#a†...# #.# #
### #.##.###.#..# #.#
##########.###.#.##.####<#
................###......#
##.############.....######
...# ###.### #..# #.# #..#
#.#


You could see a worker ant, an orc wizard and a giant cockroach.

Vanquished Creatures
  An adder (D:2)
  A dart slug (D:1)
  A leopard gecko (D:2)
  2 orcs (D:3)
  A ball python (D:2)
  A giant cockroach (D:2)
  A goblin (D:2)
  4 hobgoblins
  3 jackals (D:1)
  4 kobolds
  3 bats
  3 frilled lizards
  3 rats
28 creatures vanquished.

Notes
Turn   | Place    | Note
-------+----------+-------------------------------------------
     0 | D:1      | Norrik the Minotaur Monk began the quest for the Orb.
     0 | D:1      | Reached XP level 1. HP: 19/19 MP: 0/0
   360 | D:1      | Reached XP level 2. HP: 26/27 MP: 1/1
   434 | D:1      | Reached skill level 1 in Armour
   981 | D:2      | Reached XP level 3. HP: 22/33 MP: 2/2
  1577 | D:2      | Slain by a worker ant

Skill      XL: |  1  2 |
---------------+-------+-----
Long Blades    | 4 |  4.6
Armour         | 1 |  1.6
Fighting       | 4 |  4.1
Dodging        | |  3.2
Stealth        | |  1.5

Action                   || total
-------------------------++-------
Melee: Falchion          ||    70
       Headbutt          ||     6
 Stab: Sleeping          ||     2
  Eat: Chunk             ||     1
Armor: Robe              ||    15
Dodge: Dodged            ||    75
Block: Buckler           ||     5
       Rpst.: Falchion   ||    19
